 Dungeon Crawl Stone Soup version 0.25-a0-869-g05d4e06a41 (webtiles) character file.

Game seed: 4898040307421039197, levelgen mode: deterministic

15143 Esekla the Thaumaturge (level 11, -6/57 HPs)
             Began as a Deep Elf Skald on Apr 29, 2020.
             Was an Elder of Vehumet.
             Mangled by a merfolk
             ... wielding a +0 trident
              (20 damage)
             ... on level 2 of the Lair of Beasts on Apr 30, 2020.
             The game lasted 03:19:23 (16891 turns).

Esekla the Thaumaturge (Deep Elf Skald)            Turns: 16891, Time: 03:19:24

Health: -6/57      AC: 16    Str:  8    XL:     11   Next: 98%
Magic:  24/29      EV: 17    Int: 21    God:    Vehumet [****..]
Gold:   262        SH:  0    Dex: 15    Spells: 1/34 levels left

rFire    . . .     SeeInvis .   N - +7 Singing Sword {vorpal, sonic wave}
rCold    . . .     Gourm    .   (no shield)
rNeg     . . .     Faith    .   L - +1 steam dragon scales
rPois    +         Spirit   .   C - +0 helmet
rElec    .         Reflect  .   u - +0 cloak
rCorr    .         Harm     .   (no gloves)
MR       +....                  (no boots)
Stlth    ++........             l - amulet of magic regeneration
HPRegen  0.19/turn              M - ring of poison resistance
MPRegen  0.46/turn              h - ring "Limuu" {Wiz Slay+6}

@: icy armour
A: no striking features
a: Renounce Religion


You were on level 2 of the Lair of Beasts.
You worshipped Vehumet.
Vehumet was greatly pleased with you.
You were not hungry.

You visited 3 branches of the dungeon, and saw 13 of its levels.
You also visited: Volcano.

You collected 478 gold pieces.
You spent 216 gold pieces at shops.

Inventory:

Hand Weapons
 a - a +4 dagger of venom
 z - the +6 spear of Dissolution {protect, Str+5}
   (You found it on level 7 of the Dungeon)

   It grants its wielder temporary protection when it strikes (+7 to AC).
   It affects your strength (+5).
 K - the +4 scimitar "Ipraiteg" {venom, Int+4}
   (You bought it in a shop on level 7 of the Dungeon)

   It poisons the flesh of those it strikes.
   It affects your intelligence (+4).
 N - the +7 Singing Sword (weapon) {vorpal, sonic wave}
   (You found it on level 10 of the Dungeon)

   It inflicts extra damage upon your enemies.
 P - a cursed +1 long sword of freezing
 Q - the cursed +0 spear of Hiuru {antimagic, rF++, unknown}
   (You found it on level 2 of the Lair of Beasts)

   It reduces the magical energy of the wielder, and disrupts the spells and
   magical abilities of those hit.
   Natural abilities and divine invocations are not affected.
   It greatly protects you from fire.
   It has a curse placed upon it.
Missiles
 f - 26 poisoned darts
 v - 13 boomerangs (quivered)
 G - 8 javelins
Armour
 p - a +0 buckler
 u - a +0 cloak (worn)
 C - a +0 helmet (worn)
 L - +1 steam dragon scales (worn)
Jewellery
 b - an uncursed ring of protection from magic
 h - the ring "Limuu" (right hand) {Wiz Slay+6}
   (You acquired it on level 9 of the Dungeon)

   [ring of wizardry]

   It improves your spell success rate.
   It affects your accuracy and damage with ranged weapons and melee attacks
   (+6).
 i - an uncursed ring of teleportation
 l - an amulet of magic regeneration (around neck)
 m - an uncursed ring of protection from fire
 n - an uncursed ring of protection from cold
 F - an uncursed ring of flight
 H - an uncursed ring of stealth
 M - a ring of poison resistance (left hand)
 S - an uncursed ring of wizardry
Wands
 o - a wand of digging (4)
 s - a wand of random effects (21)
 B - a wand of enslavement (9)
 D - a wand of polymorph (1)
 I - a wand of flame (15)
Scrolls
 c - 4 scrolls of remove curse
 e - 2 scrolls of magic mapping
 w - a scroll of blinking
 y - a scroll of random uselessness {unknown}
 A - 3 scrolls of fog
 E - a scroll of enchant armour
 J - a scroll of brand weapon
 O - a scroll of noise {unknown}
Potions
 g - a potion of invisibility
 j - 2 potions of brilliance
 k - a potion of curing
 q - a potion of flight
 t - a potion of mutation
 x - a potion of resistance
 R - 2 potions of haste
Comestibles
 d - 25 rations


   Skills:
 - Level 1.8 Fighting
 * Level 7.9 Long Blades
 - Level 3.0 Throwing
 - Level 0.9 Armour
 + Level 7.1 Dodging
 - Level 3.1 Stealth
 * Level 12.3 Spellcasting
 * Level 7.1 Conjurations
 + Level 5.4 Hexes
 + Level 6.1 Charms
 + Level 6.7 Translocations
 * Level 5.0 Fire Magic
 * Level 5.8 Ice Magic
 * Level 2.4 Air Magic
 * Level 2.3 Earth Magic


You had one spell level left.
You knew the following spells:

 Your Spells              Type           Power        Failure   Level  Hunger
a - Ozocubu's Armour      Chrm/Ice       #####...     1%          3    None
b - Fireball              Conj/Fire      #####.....   1%          5    ####...
c - Song of Slaying       Chrm           #####...     1%          2    None
d - Infusion              Chrm           ####         1%          1    None
e - Searing Ray           Conj           #####.       1%          2    None
f - Conjure Flame         Conj/Fire      #####...     1%          3    None
g - Shroud of Golubria    Chrm/Tloc      #####.       1%          2    None
h - Shock                 Conj/Air       ####         1%          1    None
m - Bolt of Magma         Conj/Fire/Erth ####......   2%          5    ####...
w - Spectral Weapon       Hex/Chrm       #####...     1%          3    None
z - Freezing Cloud        Conj/Ice/Air   ####......   11%         6    #####..

Your spell library contained the following spells:

 Spells                   Type           Power        Failure   Level  Hunger
 Magic Dart               Conj           ####         1%          1    None
 Confusing Touch          Hex            #####...     1%          3    None
 Dazzling Flash           Conj/Hex       #####.       1%          3    None
 Gell's Gravitas          Tloc           #####.....   1%          3    None
 Fulminant Prism          Conj/Hex       #####.....   1%          4    None
 Iskenderun's Mystic Bla  Conj/Tloc      #####...     1%          4    None
 Yara's Violent Unravell  Hex/Tmut       ###.......   5%          5    ####...
 Metabolic Englaciation   Hex/Ice        #####.....   6%          5    ####...
 Petrify                  Tmut/Erth      ###.....     12%         4    None


Dungeon Overview and Level Annotations

Branches:
Dungeon (10/15)            Temple (1/1) D:7            Lair (2/6) D:9
 Shoals (0/4) Lair:2      Volcano (visited)
  Snake: Lair:2-4    Spider: Lair:2-4       Orc: D:9-12

Altars:
Fedhas
Vehumet

Shops:
D:7 (

Portals:
Trove: D:10 (give 6 potions of haste)


Message History

The merfolk is too close now for your liking.
Your icy armour cracks and falls away as you move.
The merfolk shouts!
The merfolk hits you with a +0 trident.
Casting: Searing Ray (safe; 1% risk of failure)
Confirm with . or Enter, or press ? or * to list all spells.
A film of ice covers your body! The merfolk hits you with a +0 trident!
* * * LOW HITPOINT WARNING * * *
Casting: Ozocubu's Armour (safe; 1% risk of failure)
Confirm with . or Enter, or press ? or * to list all spells.
Aiming: Searing Ray (safe; 1% risk of failure)
Press: ? - help, Shift-Dir - straight line, f - merfolk
Aim: a merfolk, wielding a +0 trident The searing ray hits the merfolk.
The merfolk is lightly wounded. (Press . to maintain the ray.)
The merfolk hits you but does no damage.
The searing ray misses the merfolk.
The merfolk hits you with a +0 trident!!
You die...

#.## #r .....#.# ...#.#.#
##### #P ### #...#.#
###...#
###..#.####....###..#>#..
#.........##....#...≈≈≈≈≈.
.......##@##....#.≈≈≈###≈≈
P###..# #m##.#...≈.#######
#.. #.†.....)###.#.## #..
#.P..#..........## ..
#.#.#.^..†...##..P
#....?...#....m#.###....
#....)#......###......
#.....................
.....##P.#..####P.#...


You could see a merfolk.

Vanquished Creatures
  Pikel (D:7)
  A merfolk siren (Lair:2)
  A black mamba (Lair:2)
  3 spiny frogs (Lair:1)
  A komodo dragon (Lair:1)
  A merfolk (Lair:2)
  A troll (D:9)
  Grinder (D:3)
  7 hippogriffs
  2 dream sheep (D:8)
  2 wyverns
  6 fire bats (Volcano)
  A basilisk (Lair:1)
  11 yaks
  A steam dragon (D:10)
  Grum (D:9)
  Menkaure (D:5)
  2 wargs (D:9)
  4 vampire mosquitoes (D:10)
  3 water moccasins (Lair:1)
  An ice beast (D:10)
  3 slaves
  5 necrophages
  4 orc warriors
  6 wolves
  2 phantoms
  A sky beast (D:7)
  8 ogres
  2 centaurs
  3 crocodiles
  Blork the orc (D:5)
  2 big kobolds (D:8)
  5 bullfrogs
  9 scorpions
  14 killer bees
  7 wights
  A howler monkey (D:4)
  5 lava snakes (Volcano)
  4 crimson imps
  A bullfrog zombie (D:9)
  7 hounds
  A jelly (D:7)
  7 orc priests
  Crazy Yiuf (D:3)
  12 orc wizards
  Jessica (D:3)
  Natasha (thrice) (D:3)
  4 iguanas
  6 worker ants
  A howler monkey zombie (D:9)
  A worker ant zombie (D:7)
  7 gnolls
  A howler monkey skeleton (D:5)
  14 adders
  A shadow imp (D:10)
  An adder zombie (D:5)
  4 worms
  A dart slug (D:3)
  5 leopard geckos
  36 orcs
  A ball python (D:4)
  11 bats
  A giant cockroach (D:5)
  10 goblins
  10 hobgoblins
  13 jackals
  7 quokkas
  5 frilled lizards
  A jackal skeleton (D:4)
  9 kobolds
  11 rats
328 creatures vanquished.

Vanquished Creatures (others)
  A steam dragon (Volcano)
1 creature vanquished.

Grand Total: 329 creatures vanquished

Notes
Turn   | Place    | Note
-------+----------+-------------------------------------------
     0 | D:1      | Esekla the Deep Elf Skald began the quest for the Orb.
     0 | D:1      | Reached XP level 1. HP: 12/12 MP: 6/6
   276 | D:2      | Found a radiant altar of Vehumet.
   291 | D:2      | Became a worshipper of Vehumet
   294 | D:2      | Reached XP level 2. HP: 15/17 MP: 4/8
   460 | D:1      | Reached skill level 5 in Charms
   739 | D:1      | Learned a level 2 spell: Shroud of Golubria
   742 | D:1      | Learned a level 2 spell: Song of Slaying
   949 | D:1      | Reached XP level 3. HP: 17/21 MP: 3/9
   954 | D:1      | Learned a level 3 spell: Ozocubu's Armour
  1066 | D:2      | Noticed a necrophage
  1102 | D:1      | Killed a necrophage
  1102 | D:1      | Reached skill level 1 in Translocations
  1102 | D:1      | Reached skill level 1 in Ice Magic
  1102 | D:1      | Reached XP level 4. HP: 4/26 MP: 0/11
  1724 | D:2      | Reached XP level 5. HP: 30/30 MP: 6/12
  2300 | D:3      | Reached * piety under Vehumet
  2300 | D:3      | Offered knowledge of Shock by Vehumet.
  2305 | D:3      | Learned a level 1 spell: Shock
  2953 | D:3      | Noticed Grinder
  2963 | D:3      | Paralysed by Grinder for 3 turns
  3194 | D:4      | Reached skill level 4 in Spellcasting
  3234 | D:4      | Noticed an ogre
  3239 | D:3      | Noticed Natasha
  3263 | D:3      | Killed Natasha
  3263 | D:3      | Reached skill level 1 in Conjurations
  3263 | D:3      | Reached XP level 6. HP: 27/35 MP: 9/14
  3510 | D:3      | Noticed Jessica
  3517 | D:3      | Killed Jessica
  3575 | D:3      | Offered knowledge of Searing Ray by Vehumet.
  3588 | D:2      | Learned a level 2 spell: Searing Ray
  4028 | D:3      | Reached ** piety under Vehumet
  4028 | D:3      | Noticed Natasha
  4039 | D:3      | Killed Natasha
  4039 | D:3      | Reached skill level 5 in Spellcasting
  4303 | D:3      | Found a runed translucent door.
  4304 | D:3      | Noticed Crazy Yiuf
  4354 | D:3      | Noticed Natasha
  4369 | D:3      | Killed Natasha
  5183 | D:5      | Entered Level 5 of the Dungeon
  5205 | D:5      | Reached XP level 7. HP: 20/39 MP: 16/16
  5534 | D:5      | Reached skill level 1 in Stealth
  5979 | D:5      | Noticed Blork the orc
  5987 | D:5      | Killed Blork the orc
  5987 | D:5      | Offered knowledge of Mephitic Cloud by Vehumet.
  5987 | D:5      | Reached skill level 1 in Throwing
  5987 | D:5      | Reached skill level 6 in Spellcasting
  6081 | D:5      | Reached XP level 8. HP: 44/44 MP: 14/19
  6181 | D:5      | Noticed Menkaure
  6329 | D:5      | Reached *** piety under Vehumet
  6639 | D:5      | Reached skill level 7 in Spellcasting
  7060 | D:5      | Killed Menkaure
  7246 | D:6      | Reached skill level 8 in Spellcasting
  7554 | D:7      | Offered knowledge of Conjure Flame by Vehumet.
  7559 | D:7      | Learned a level 3 spell: Conjure Flame
  7643 | D:7      | Got an ebony spear
  7662 | D:7      | Reached skill level 9 in Spellcasting
  7673 | D:7      | Reached skill level 5 in Translocations
  7673 | D:7      | Reached XP level 9. HP: 44/48 MP: 11/24
  7886 | D:7      | Found a staircase to the Ecumenical Temple.
  8534 | D:6      | Found a blossoming altar of Fedhas.
  9097 | D:7      | Found Vuezox's Antique Weapon Boutique.
  9121 | D:7      | Reached skill level 5 in Dodging
  9128 | D:7      | Bought a translucent scimitar for 216 gold pieces
  9128 | D:7      | Identified the +4 scimitar "Ipraiteg" {venom, Int+4} (You
                  | bought it in a shop on level 7 of the Dungeon)
  9211 | D:7      | Reached skill level 1 in Fire Magic
  9619 | D:3      | Killed Crazy Yiuf
  9672 | D:3      | Killed Grinder
  9969 | D:8      | Reached skill level 10 in Spellcasting
 10145 | D:8      | Reached **** piety under Vehumet
 10158 | D:8      | Reached skill level 5 in Long Blades
 10158 | D:8      | Reached skill level 5 in Ice Magic
 10184 | D:8      | Noticed Pikel
 10648 | D:8      | Offered knowledge of Fireball by Vehumet.
 10714 | Temple   | Entered the Ecumenical Temple
 10792 | D:8      | Reached XP level 10. HP: 53/53 MP: 22/26
 10838 | D:7      | Learned a level 5 spell: Fireball
 10842 | D:7      | Learned a level 3 spell: Spectral Weapon
 10846 | D:7      | Learned a level 3 spell: Dazzling Flash
 10858 | D:7      | Killed Pikel
 10858 | D:7      | Reached skill level 5 in Conjurations
 10858 | D:7      | Reached skill level 1 in Hexes
 11113 | D:9      | Noticed a two-headed ogre
 11146 | D:9      | Identified a scroll of acquirement
 11146 | D:9      | Identified the ring "Limuu" {Wiz Slay+6} (You acquired it
                  | on level 9 of the Dungeon)
 11161 | D:9      | Reached skill level 11 in Spellcasting
 11332 | D:10     | Entered Level 10 of the Dungeon
 11449 | D:10     | Identified the +6 spear of Dissolution {protect, Str+5}
                  | (You found it on level 7 of the Dungeon)
 11551 | D:10     | Reached ***** piety under Vehumet
 11571 | D:10     | Offered knowledge of Bolt of Magma by Vehumet.
 12214 | D:10     | Found a portal to a secret trove of treasure.
 12459 | D:10     | Found the +7 Singing Sword {vorpal, sonic wave}
 12901 | D:9      | Reached XP level 11. HP: 57/57 MP: 18/28
 12968 | D:9      | Found a staircase to the Lair.
 13067 | D:9      | Noticed Grum
 13083 | D:9      | Killed Grum
 13381 | D:8      | Noticed a three-headed hydra
 14001 | Lair:1   | Entered Level 1 of the Lair of Beasts
 14119 | Lair:1   | Learned a level 5 spell: Bolt of Magma
 14330 | Lair:1   | Offered knowledge of Freezing Cloud by Vehumet.
 14399 | Lair:1   | Learned a level 6 spell: Freezing Cloud
 14418 | Lair:1   | Reached skill level 12 in Spellcasting
 14418 | Lair:1   | Reached skill level 1 in Earth Magic
 14576 | Lair:1   | Reached skill level 1 in Air Magic
 14588 | Lair:1   | Reached skill level 5 in Hexes
 15328 | Lair:1   | Upgraded the game from 0.25-a0-861-g340c9e8194 to
                  | 0.25-a0-869-g05d4e06a41
 15351 | Lair:2   | Found a dark tunnel.
 15368 | Volcano  | Entered a volcano
 16576 | Volcano  | Noticed an obsidian statue
 16579 | Volcano  | Found a radiant altar of Vehumet.
 16579 | Volcano  | Noticed a hell hog
 16579 | Volcano  | Noticed a fire dragon
 16781 | Lair:2   | Got a crude spear
 16782 | Lair:2   | Found a staircase to the Shoals.
 16870 | Lair:2   | Reached skill level 5 in Fire Magic
 16891 | Lair:2   | Mangled by a merfolk

Levels and vault maps discovered:
D:1:      wander_arrival_desolate, layout_basic, kennysheep_pointless_box,
          minmay_misc_feat_four_crosses
D:2:      layout_rooms, vehumet_crystals, first_ration
D:3:      layout_basic, uniq_natasha, uniq_grinder, uniq_jessica,
          uniq_crazy_yiuf_cottage
D:4:      layout_cave_pools
D:5:      layout_loops_cross, nicolae_underground_beach, uniq_blork_the_orc,
          uniq_menkaure
D:6:      layout_loops_corners, fedhas_altar_4
D:7:      layout_basic, minmay_temple_entry_stoned_glass, serial_shops,
          nicolae_shop_statue_plus
D:8:      lemuel_upstairs_altar, layout_rooms, hangedman_ranch
          [blue_anna_fruit_fields], uniq_pikel
D:9:      corexii_shack_village, layout_gridville, erik_lair_orcish_takeover,
          serial_undead, serial_undead_e, serial_undead_a, serial_undead_e,
          serial_undead_e, serial_undead_c, serial_undead_f, uniq_grum
D:10:     old_forge, layout_basic, enter_trove_3
Temple:   kilobyte_greek_temple
Lair:1:   layout_cave_pods, grunt_megastairs_1, infiniplex_staircase_pool
Lair:2:   layout_loops_ring, elwin_shoals_entry_stream,
          nicolae_volcano_entry_two_sided

Skill      XL: |  1  2  3  4  5  6  7  8  9 10 11 |
---------------+----------------------------------+-----
Long Blades    | 2 3 4 5 6 7 |  7.9
Charms         | 5 6 |  6.1
Dodging        | 3 4 5 6 7 |  7.1
Translocations | 1 2 3 5 6 |  6.7
Ice Magic      | 1 2 4 5 |  5.8
Spellcasting   | 4 5 6 9 10 11 12 | 12.3
Conjurations   | 1 2 3 4 6 7 |  7.1
Stealth        | 1 2 3 |  3.1
Throwing       | 1 2 3 |  3.0
Fire Magic     | 1 3 5 |  5.0
Hexes          | 3 5 |  5.4
Earth Magic    | 2 |  2.3
Air Magic      | 2 |  2.4
Fighting       | |  1.8
Armour         | |  0.9

Action                   |  1- 3 |  4- 6 |  7- 9 | 10-12 || total
-------------------------+-------+-------+-------+-------++-------
Melee: Falchion          |    77 |   270 |   139 |       ||   486
       Scimitar          |       |       |    29 |    81 ||   110
       Double sword      |       |       |       |    97 ||    97
Throw: Dart              |     1 |    12 |    34 |    56 ||   103
       Boomerang         |       |       |     1 |    44 ||    45
 Cast: Infusion          |     7 |    10 |     2 |     1 ||    20
       Shroud of Golubri |     2 |    10 |    24 |    15 ||    51
       Ozocubu's Armour  |     1 |    17 |    26 |    29 ||    73
       Shock             |       |     5 |       |       ||     5
       Song of Slaying   |       |     4 |     1 |     1 ||     6
       Searing Ray       |       |     5 |    54 |    37 ||    96
       Conjure Flame     |       |       |       |     2 ||     2
       Bolt of Magma     |       |       |       |     3 ||     3
       Freezing Cloud    |       |       |       |     1 ||     1
       Dazzling Flash    |       |       |       |     1 ||     1
       Spectral Weapon   |       |       |       |     1 ||     1
  Use: Scroll            |       |     6 |     4 |    13 ||    23
       Potion            |       |     1 |     2 |     6 ||     9
 Stab: Distracted        |       |       |     1 |     1 ||     2
       Sleeping          |       |       |     3 |     7 ||    10
       Held in net/web   |       |       |       |     1 ||     1
  Eat: Chunk             |     1 |     8 |    11 |    14 ||    34
       Ration            |       |     2 |     2 |     2 ||     6
Armor: Leather armour    |    17 |   105 |    69 |       ||   191
       Steam dragon scal |       |       |       |    94 ||    94
Dodge: Dodged            |    57 |   257 |   223 |   267 ||   804
       Rpst.: Falchion   |    21 |    79 |    45 |       ||   145
       Scimitar          |       |       |    15 |    47 ||    62
       Double sword      |       |       |       |    39 ||    39

Table legend:
 A = Non-vault XP
 B = Vault XP
 C = Vault XP percentage of total XP
 D = Non-vault monster count
 E = Vault monster count
 F = Vault count percentage of total count
                 A         B        C        D         E       F
            +---------+---------+-------+---------+---------+-------
      Total |   14754 |    6880 |  31.8 |     253 |      72 |  22.2
            +---------+---------+-------+---------+---------+-------
        D:1 |     168 |       0 |   0.0 |      25 |       0 |   0.0
        D:2 |      54 |       0 |   0.0 |      14 |       0 |   0.0
        D:3 |     233 |     389 |  62.5 |      28 |       4 |  12.5
        D:4 |     442 |       0 |   0.0 |      25 |       0 |   0.0
        D:5 |     894 |     277 |  23.7 |      35 |       2 |   5.4
        D:6 |     355 |       0 |   0.0 |       8 |       0 |   0.0
        D:7 |    1411 |     673 |  32.3 |      21 |       1 |   4.5
        D:8 |    1723 |     941 |  35.3 |      29 |       5 |  14.7
        D:9 |    1153 |    1861 |  61.7 |      14 |      33 |  70.2
       D:10 |    2517 |     530 |  17.4 |      27 |      14 |  34.1
     Lair:1 |    5052 |       0 |   0.0 |      24 |       0 |   0.0
     Lair:2 |     752 |     803 |  51.6 |       3 |       2 |  40.0
    Volcano |       0 |    1406 | 100.0 |       0 |      11 | 100.0
            +---------+---------+-------+---------+---------+-------
